 Dungeon Sprint DCSS version 0.27-a0-1532-gca18f49f40 (webtiles) character file.

Game seed: 6256493934274164259

5896 mhtbhm the Cleaver (level 10, -14/97 HPs)
             Began as a Minotaur Fighter on July 12, 2021.
             Was the Champion of Qazlal.
             Demolished by an alligator snapping turtle (59 damage)
             ... in the Dungeon (Sprint VII: "The Pits").
             The game lasted 00:02:51 (1685 turns).

mhtbhm the Cleaver (Minotaur Fighter)               Turns: 1685, Time: 00:02:52

Health: -14/97     AC: 20    Str: 25    XL:     10   Next: 53%
Magic:  17/17      EV:  9    Int:  5    God:    Qazlal [******]
Gold:   0          SH:  0    Dex:  9    Spells: 9/9 levels left

rFire    . . .     SeeInvis .   a - +2 war axe (vorpal)
rCold    . . .     Faith    .   c - +0 kite shield
rNeg     . . .     Spirit   .   b - +3 plate armour
rPois    .         Reflect  .   (helmet restricted)
rElec    +         Harm     .   (no cloak)
rCorr    .         Rampage  .   s - +0 pair of gloves
Will     .....     NoTele   +   (no boots)
Stlth    ..........             (no amulet)
HPRegen  0.26/turn              (no ring)
MPRegen  0.15/turn              (no ring)

@: lethally poisoned (-14 -> -20), sleeping, protected from electricity, repel
missiles
A: horns 2, retaliatory headbutt
a: Renounce Religion, Upheaval, Elemental Force, Disaster Area


You were in the Dungeon.
You worshipped Qazlal.
Qazlal was exalted by your worship.
You visited 1 branch

Inventory:

Hand Weapons
 a - a +2 vorpal war axe (weapon)
Missiles
 t - 4 throwing nets (quivered)
Armour
 b - a +3 plate armour (worn)
 c - a +0 kite shield (worn)
 s - a +0 pair of gloves (worn)
Jewellery
 o - a +3 ring of protection
 p - a +3 ring of dexterity
Scrolls
 j - a scroll of blinking
 l - 5 scrolls of amnesia
 m - a scroll of summoning
Potions
 d - a potion of might
 e - 6 potions of curing
 f - 5 potions of heal wounds
 g - 3 potions of haste
 h - 4 potions of magic
 i - 3 potions of berserk rage
 k - 2 potions of invisibility
 n - a potion of attraction {unknown}
 q - a potion of brilliance
 r - 4 potions of mutation


   Skills:
 + Level 12.0 Fighting
 + Level 14.3 Axes
 + Level 12.3 Armour
 + Level 6.0 Dodging
 + Level 1.1 Stealth
 + Level 14.3 Shields
 * Level 11.1 Invocations


You had 9 spell levels left.
You didn't know any spells.
Your spell library was empty.

Dungeon Overview and Level Annotations

Branches:
Dungeon (1/1)

Altars:
Ashenzari
Cheibriados
Dithmenos
Elyvilon
Fedhas
Gozag
Hepliaklqana
Kikubaaqudgha
Makhleb
Nemelex Xobeh
Okawaru
Qazlal
Ru
Sif Muna
Trog
Uskayaw
Vehumet
Wu Jian
Xom
Yredelemnul
Zin
The Shining One
Beogh
Jiyva
Lugonu


Innate Abilities, Weirdness & Mutations

You have a pair of horns on your head.
You reflexively headbutt those who attack you in melee.


Message History

The deep elf zephyrmancer is almost dead.
You hit the gnoll. You barely miss the dream sheep.
A gnoll opens the door.
A gnoll comes into view. It is wielding a +0 spear.
You block the gnoll's attack.
You block the deep elf zephyrmancer's attack.
The gnoll barely misses you.
You slice the deep elf zephyrmancer!!
You kill the deep elf zephyrmancer!
Qazlal accepts your kill.
You slash the gnoll!
You kill the gnoll!
Qazlal accepts your kill.
You slash the dream sheep!
You kill the dream sheep!
Qazlal accepts your kill.
You hear an angry growl.
A dream sheep comes into view.
Your Fighting skill increases to level 12!
Your Axes skill increases to level 14!
Your Invocations skill increases to level 11!
You block the gnoll's attack. You block the gnoll sergeant's attack.
You see here a +0 club.
You closely miss the gnoll.
The gnoll sergeant hits you but does no damage.
An alligator snapping turtle comes into view.
The gnoll is engulfed in blazing flames.
You kill the gnoll!
Qazlal accepts your kill. You block the gnoll sergeant's attack.
Unknown command.
You hit the gnoll sergeant but do no damage.
The dream sheep shake their wool and sparkle.
You feel drowsy...
You fall asleep.
The alligator snapping turtle barely misses you.
The gnoll sergeant hits you but does no damage.
You are poisoned.
You feel sick.
The alligator snapping turtle bites you from afar!!!
Ouch! That really hurt!
You die...

.)'................''.)##########
###......#..#......##))()........
.##................##...)......).
)#####'#####''###################
)##.......##''# )##.......##..##
# [##.......##..โ—‹## .#
###...<...###).โ—‹##Y##..#
.##.......# ##ยง)@gYgYY..
.##.......###.)###t###..
###.......##.โ—‹## ..
.###########..+ ..+
############..# ##
#....#..[.###.. #....#...[# ##..
'....'..))# ..# #....#..))# .##


You could see an alligator snapping turtle, a gnoll sergeant, 4 dream sheep and
a gnoll.

Vanquished Creatures
  Harold (D)
  A flayed ghost (D)
  A phantasmal warrior (D)
  A deep elf zephyrmancer (D)
  A necromancer (D)
  A cyclops (D)
  A merfolk siren (D)
  A yaktaur (D)
  A komodo dragon (D)
  2 ice devils (D)
  A dream sheep (D)
  A flying skull (D)
  A wraith (D)
  A shadow (D)
  Edmund (D)
  A sky beast (D)
  An ice beast (D)
  An orc warrior (D)
  A wolf (D)
  2 necrophages (D)
  A kobold brigand (D)
  An earth elemental (D)
  A crimson imp (D)
  An iron imp (D)
  An iguana (D)
  Jessica (D)
  2 orc wizards (D)
  A mummy (D)
  4 gnolls (D)
  A river rat (D)
  A white imp (D)
  An adder skeleton (D)
  An adder zombie (D)
  4 orcs (D)
  A bat skeleton (D)
  A bat zombie (D)
  2 giant cockroaches (D)
  A goblin (D)
  A hobgoblin (D)
  A bat simulacrum (D)
  A giant cockroach zombie (D)
  A quokka skeleton (D)
  A rat (D)
53 creatures vanquished.

Vanquished Creatures (others)
  An unseen horror (D)
1 creature vanquished.

Grand Total: 54 creatures vanquished

Notes
Turn   | Place    | Note
-------+----------+-------------------------------------------
     0 | D        | mhtbhm the Minotaur Fighter began the quest for the Orb.
     0 | D        | Reached XP level 1. HP: 19/19 MP: 0/0
    21 | D        | Found a bloodstained altar of Trog.
    21 | D        | Found a shimmering blue altar of Sif Muna.
    21 | D        | Found a viscous altar of Jiyva.
    21 | D        | Found a hazy altar of Hepliaklqana.
    21 | D        | Found an opulent altar of Gozag.
    22 | D        | Found a glowing golden altar of the Shining One.
    22 | D        | Found a glowing silver altar of Zin.
    22 | D        | Found a basalt altar of Yredelemnul.
    22 | D        | Found a shimmering altar of Xom.
    22 | D        | Found an ornate altar of the Wu Jian Council.
    22 | D        | Found a sacrificial altar of Ru.
    22 | D        | Found a stormy altar of Qazlal.
    22 | D        | Found an iron altar of Okawaru.
    22 | D        | Found a sparkling altar of Nemelex Xobeh.
    22 | D        | Found a burning altar of Makhleb.
    22 | D        | Found a blossoming altar of Fedhas.
    22 | D        | Found a white marble altar of Elyvilon.
    22 | D        | Found a shadowy altar of Dithmenos.
    22 | D        | Found a snail-covered altar of Cheibriados.
    24 | D        | Found a radiant altar of Vehumet.
    24 | D        | Found a corrupted altar of Lugonu.
    25 | D        | Found a hide-covered altar of Uskayaw.
    25 | D        | Found an ancient bone altar of Kikubaaqudgha.
    25 | D        | Found a broken altar of Ashenzari.
    29 | D        | Became a worshipper of Qazlal Stormbringer
    80 | D        | Reached * piety under Qazlal
    87 | D        | Noticed Jessica
    90 | D        | Reached XP level 2. HP: 28/28 MP: 1/1
    91 | D        | Reached ** piety under Qazlal
    92 | D        | Reached skill level 1 in Invocations
    93 | D        | HP: 1/28 [giant cockroach (2)]
    95 | D        | Killed Jessica
    96 | D        | Reached skill level 5 in Fighting
    96 | D        | Reached skill level 5 in Armour
    96 | D        | Reached skill level 5 in Shields
    96 | D        | Reached XP level 3. HP: 29/36 MP: 1/3
   207 | D        | Noticed Edmund
   207 | D        | Noticed a kobold brigand
   210 | D        | Noticed a necrophage
   211 | D        | Noticed a sky beast
   216 | D        | Killed a kobold brigand
   217 | D        | Reached skill level 5 in Axes
   217 | D        | Reached skill level 1 in Dodging
   217 | D        | Reached XP level 4. HP: 31/45 MP: 3/5
   228 | D        | Killed Edmund
   228 | D        | Reached *** piety under Qazlal
   229 | D        | Reached XP level 5. HP: 47/53 MP: 4/7
   232 | D        | Killed a sky beast
   233 | D        | Reached skill level 5 in Invocations
   233 | D        | Reached XP level 6. HP: 56/62 MP: 4/9
   245 | D        | Reached **** piety under Qazlal
   278 | D        | Noticed an orc warrior
   291 | D        | Killed an orc warrior
   292 | D        | Reached XP level 7. HP: 44/70 MP: 10/10
   293 | D        | Noticed a shadow
   299 | D        | Killed a shadow
   430 | D        | Noticed a flying skull
   445 | D        | Killed a flying skull
   452 | D        | Reached ***** piety under Qazlal
   453 | D        | Reached skill level 10 in Fighting
   609 | D        | Noticed a phantasmal warrior
   630 | D        | Killed a phantasmal warrior
   631 | D        | Reached skill level 10 in Axes
   631 | D        | Reached skill level 10 in Armour
   631 | D        | Reached skill level 10 in Shields
   631 | D        | Reached XP level 8. HP: 44/80 MP: 11/13
   898 | D        | Noticed a cyclops
   911 | D        | Killed a cyclops
   914 | D        | Reached ****** piety under Qazlal
   929 | D        | Noticed Harold
   943 | D        | Killed Harold
   944 | D        | Reached skill level 5 in Dodging
   944 | D        | Reached skill level 1 in Stealth
   944 | D        | Reached XP level 9. HP: 87/89 MP: 13/15
  1064 | D        | Noticed a yaktaur
  1067 | D        | Killed an unseen horror
  1072 | D        | Killed a yaktaur
  1281 | D        | Noticed an ice devil
  1295 | D        | Killed an ice devil
  1419 | D        | Noticed a necromancer
  1422 | D        | Noticed a merfolk siren
  1423 | D        | Reached skill level 10 in Invocations
  1426 | D        | Killed a necromancer
  1434 | D        | Killed a merfolk siren
  1435 | D        | Reached XP level 10. HP: 72/96 MP: 16/16
  1562 | D        | Noticed a flayed ghost
  1566 | D        | Killed a flayed ghost
  1659 | D        | Noticed a deep elf zephyrmancer
  1680 | D        | Killed a deep elf zephyrmancer
  1683 | D        | Noticed an alligator snapping turtle
  1685 | D        | Demolished by an alligator snapping turtle

Illustrated notes

Levels and vault maps discovered:
D:        pitsprint [storerooms_1, entrance_room_1, metal_vault_5, armoury_1,
          mini_pit_1, grid_room_1, main_hall_1, silver_pit, the_coven_3,
          the_vestibule_1, steel_vault_1, golden_pit, hallway_of_sentries,
          crystal_vault_3, iron_vault_5, final_vault]

Skill      XL: |  1  2  3  4  5  6  7  8  9 10 |
---------------+-------------------------------+-----
Fighting       | 4 5 6 7 8 9 10 11 12 | 12.0
Shields        | 4 5 6 7 8 10 12 13 14 | 14.3
Armour         | 4 5 6 7 8 10 11 12 | 12.3
Axes           | 3 5 6 7 8 10 11 12 14 | 14.3
Invocations    | 2 3 4 5 6 8 9 10 11 | 11.1
Dodging        | 1 2 4 5 6 |  6.0
Stealth        | 1 |  1.1

Action                   |  1- 3 |  4- 6 |  7- 9 | 10-12 || total
-------------------------+-------+-------+-------+-------++-------
Melee: Hand axe          |    19 |    38 |    63 |       ||   120
       War axe           |     4 |       |    58 |    29 ||    91
       Headbutt          |     3 |    13 |    25 |     6 ||    47
  Use: Potion            |     1 |     1 |     2 |       ||     4
Armor: Scale mail        |     5 |     1 |     7 |       ||    13
       Plate armour      |       |       |    18 |     8 ||    26
Dodge: Dodged            |     4 |     7 |    18 |     6 ||    35
Block: Kite shield       |    25 |    23 |    73 |    20 ||   141

Table legend: (Time is in decaauts)
 A = Elapsed time spent in this place.
 B = Non-inter-level travel time spent in this place.
 C = Inter-level travel time spent in this place.
 D = Time resting spent in this place.
 E = Time spent auto-exploring this place.
 F = Levels seen in this place.
 G = Mean time per level.
                   A        B        C        D        E       F      G
               +--------+--------+--------+--------+--------+-----+--------+
         Total |   1700 |   1700 |      0 |   1003 |     72 |   1 | 1700.0 |
       Dungeon |   1700 |   1700 |      0 |   1003 |     72 |   1 | 1700.0 |
               +--------+--------+--------+--------+--------+-----+--------+

Top non-repeatable levels by time:
       D: 1700 daAuts
